 Dungeon Crawl Stone Soup version 0.19.1 (webtiles) character file.

6979 RedPan the Frost Mage (level 10, -6/63 HPs)
             Began as a Vampire Ice Elementalist on Dec 24, 2016.
             Was an Elder of Vehumet.
             Mangled by a seven-headed hydra (13 damage)
             ... on level 10 of the Dungeon.
             The game lasted 00:40:41 (16012 turns).

RedPan the Frost Mage (Vampire Ice Elementalist)   Turns: 16012, Time: 00:40:43

Health: -6/63      AC:  5    Str: 10    XL:     10   Next: 81%
Magic:  0/16       EV: 19    Int: 22    God:    Vehumet [****..]
Gold:   459        SH:  0    Dex: 16    Spells: 4 memorised, 7 levels left

rFire  . . .     SeeInvis +     q - +5 rapier (elec)
rCold  + . .     Gourm    .     a - +1 robe
rNeg   + + .     Faith    .     (no shield)
rPois  +         Spirit   .     k - +0 helmet
rElec  .         Reflect  .     p - +0 cloak
rCorr  .         Harm     .     (no gloves)
MR     +....                    (no boots)
Stlth  +++++.....               (no amulet)
                                s - +3 ring of strength
                                o - +2 ring of intelligence

@: regenerating slowly
A: fangs 3, see invisible, unbreathing
a: Bat Form, Renounce Religion


You were on level 10 of the Dungeon.
You worshipped Vehumet.
Vehumet was greatly pleased with you.
You were near bloodless.

You visited 2 branches of the dungeon, and saw 11 of its levels.

You collected 537 gold pieces.
You spent 78 gold pieces at shops.

Inventory:

Hand Weapons
 q - a +5 rapier of electrocution (weapon)
 D - a +3 dagger of venom
Armour
 a - a +1 robe (worn)
 g - +0 fire dragon scales
 k - a +0 helmet (worn)
 l - a +1 robe of magic resistance
 p - a +0 cloak (worn)
Jewellery
 o - a +2 ring of intelligence (left hand)
 r - an uncursed ring of poison resistance
 s - a +3 ring of strength (right hand)
 A - a cursed ring of teleportation {unknown}
Wands
 y - a wand of paralysis (18/24)
 E - a wand of iceblast (9/15)
Scrolls
 d - 4 scrolls of identify
 f - 8 scrolls of amnesia
 i - 3 scrolls of fear
 j - a scroll of teleportation
 m - 2 scrolls of blinking
 v - 2 scrolls of enchant armour
 x - a scroll of recharging
 z - 3 scrolls of remove curse
Potions
 c - 23 potions of blood
 e - 2 potions of cure mutation
 n - 2 potions of agility
 t - a potion of might
 u - 2 potions of flight
 B - 2 potions of magic
 C - a potion of curing
Books
 b - a book of Frost

   Spells                             Type                      Level
   a - Freeze                         Ice                          1
   b - Throw Frost                    Conjuration/Ice              2
   c - Ozocubu's Armour               Charms/Ice                   3
   d - Throw Icicle                   Conjuration/Ice              4
   e - Summon Ice Beast               Ice/Summoning                4
 h - a book of Flames

   Spells                             Type                      Level
   a - Flame Tongue                   Conjuration/Fire             1
   b - Throw Flame                    Conjuration/Fire             2
   c - Conjure Flame                  Conjuration/Fire             3
   d - Inner Flame                    Hexes/Fire                   3
   e - Sticky Flame                   Conjuration/Fire             4
   f - Fireball                       Conjuration/Fire             5
 w - a book of Geomancy

   Spells                             Type                      Level
   a - Sandblast                      Earth                        1
   b - Passwall                       Transmutation/Earth          2
   c - Stone Arrow                    Conjuration/Earth            3
   d - Petrify                        Transmutation/Earth          4
   e - Lee's Rapid Deconstruction     Earth                        5


   Skills:
 - Level 8.0 Short Blades
 - Level 9.1 Dodging
 + Level 9.2 Stealth
 - Level 4.1 Spellcasting
 - Level 0.6 Conjurations
 + Level 11.0 Ice Magic


You had 7 spell levels left.
You knew the following spells:

 Your Spells              Type           Power        Failure   Level  Hunger
a - Freeze                Ice            ####         1%          1    None
b - Throw Frost           Conj/Ice       ####..       1%          2    #......
c - Ozocubu's Armour      Chrm/Ice       ####....     3%          3    ##.....
d - Throw Icicle          Conj/Ice       ####....     3%          4    ####...


Dungeon Overview and Level Annotations

Branches:
Dungeon (10/15)            Temple (1/1) D:6            Lair (0/6) D:9
    Orc: D:9-12

Altars:
Ashenzari
Cheibriados
Dithmenos
Elyvilon
Fedhas
Gozag
Hepliaklqana
Kikubaaqudgha
Makhleb
Nemelex Xobeh
Okawaru
Qazlal
Ru
Sif Muna
Trog
Uskayaw
Vehumet
Xom
Yredelemnul
Zin
The Shining One

Shops:
D:5 ?   D:10 *

Annotations:
D:7 exclusion: orc wizard


Innate Abilities, Weirdness & Mutations

You heal slowly.
You have razor-sharp teeth.
You have supernaturally acute eyesight. (SInv)
You can survive without breathing.


Message History

Okay, then.
Unknown command.
You puncture the seven-headed hydra!
The seven-headed hydra is heavily wounded.
You puncture the seven-headed hydra!
There is a sudden explosion of sparks!
The seven-headed hydra is almost dead.
The seven-headed hydra barely misses you.
The seven-headed hydra misses you. The seven-headed hydra bites you.
The seven-headed hydra bites you but does no damage. x2
The seven-headed hydra closely misses you.
The seven-headed hydra bites you!
Unknown command.
You barely miss the seven-headed hydra.
The seven-headed hydra is almost dead.
The seven-headed hydra bites you!
* * * LOW HITPOINT WARNING * * *
The seven-headed hydra bites you!
* * * LOW HITPOINT WARNING * * *
The seven-headed hydra bites you!
You die...

.......#########.#
.................#
#######..........#
#######...########
..........########
.................#
......##########.#
......# #.#
......# #@#
......# #D#
......# #.#
......##########.#
...........#
...........#
...W.......#
...........#
...........#


You could see a seven-headed hydra.

Vanquished Creatures
  The ghost of Dolanko the Slicer, a novice SpAs (D:8)
  Psyche (D:9)
  Joseph (D:9)
  A hippogriff (D:7)
  A spriggan (D:7)
  7 yaks
  Eustachio (D:5)
  A wyvern (D:5)
  3 orc warriors
  An ice beast (D:8)
  A black bear (D:6)
  4 centaurs
  3 ogres
  2 crocodiles (D:9)
  2 big kobolds (D:8)
  5 bullfrogs
  11 killer bees
  2 scorpions
  3 howler monkeys
  10 wights
  2 centaur zombies
  6 crimson imps
  A hound (D:4)
  2 bullfrog zombies (D:5)
  4 jellies
  2 orc priests
  2 bullfrog skeletons
  3 centaur skeletons
  2 iguanas
  7 orc wizards
  Jessica (D:3)
  4 worker ants
  Terence (D:2)
  A killer bee zombie (D:9)
  4 hound zombies
  A worker ant zombie (D:5)
  7 gnolls
  15 adders
  3 river rats (D:9)
  A shadow imp (D:10)
  4 adder zombies (D:5)
  5 adder skeletons
  6 worms
  2 dart slugs
  6 leopard geckos
  15 orcs
  20 bats
  3 giant cockroaches
  7 goblins
  6 hobgoblins
  15 jackals
  2 quokkas (D:7)
  3 ball pythons
  7 frilled lizards
  2 giant cockroach zombies (D:5)
  A jackal skeleton (D:4)
  18 kobolds
  2 quokka zombies
  16 rats
270 creatures vanquished.

Vanquished Creatures (others)
  4 fungi (D:9)
4 creatures vanquished.

Grand Total: 274 creatures vanquished

Notes
Turn   | Place    | Note
-------+----------+-------------------------------------------
     0 | D:1      | RedPan the Vampire Ice Elementalist began the quest for the Orb.
     0 | D:1      | Reached XP level 1. HP: 13/13 MP: 3/3
   273 | D:1      | Reached XP level 2. HP: 8/19 MP: 0/5
   776 | D:1      | Reached skill level 4 in Ice Magic
   798 | D:1      | Learned a level 2 spell: Throw Frost
   995 | D:2      | Reached XP level 3. HP: 24/24 MP: 6/6
  1665 | D:2      | Reached XP level 4. HP: 30/30 MP: 2/7
  1733 | D:2      | Learned a level 3 spell: Ozocubu's Armour
  1742 | D:2      | Reached skill level 5 in Ice Magic
  2472 | D:2      | Noticed Terence
  2477 | D:2      | Killed Terence
  3022 | D:3      | Reached XP level 5. HP: 24/35 MP: 3/8
  3289 | D:3      | Reached skill level 6 in Ice Magic
  3559 | D:3      | Noticed Jessica
  3563 | D:3      | Killed Jessica
  3563 | D:3      | Reached skill level 1 in Short Blades
  4478 | D:4      | Reached XP level 6. HP: 37/41 MP: 5/9
  4508 | D:4      | Reached skill level 5 in Stealth
  4549 | D:4      | Noticed a hungry ghost
  5030 | D:4      | Found a stormy altar of Qazlal.
  5518 | D:5      | Entered Level 5 of the Dungeon
  5917 | D:5      | Reached XP level 7. HP: 36/46 MP: 6/10
  6697 | D:5      | Found Ishriaseo's Magic Scroll Shoppe.
  6707 | D:5      | Bought a scroll of teleportation for 39 gold pieces
  6707 | D:5      | Bought a scroll of remove curse for 39 gold pieces
  6866 | D:5      | Found a radiant altar of Vehumet.
  6888 | D:5      | Became a worshipper of Vehumet
  7249 | D:5      | Reached skill level 5 in Short Blades
  7435 | D:5      | Noticed Eustachio
  7438 | D:5      | Killed Eustachio
  7492 | D:5      | Reached XP level 8. HP: 46/52 MP: 11/11
  7494 | D:5      | Found a shattered altar of Ashenzari.
  8438 | D:6      | Reached skill level 7 in Ice Magic
  8448 | D:6      | Found a staircase to the Ecumenical Temple.
  8710 | Temple   | Entered the Ecumenical Temple
  9027 | D:6      | Found a sacrificial altar of Ru.
  9102 | D:5      | Reached * piety under Vehumet
  9102 | D:5      | Offered knowledge of Shock by Vehumet.
  9941 | D:6      | Reached skill level 8 in Ice Magic
  9947 | D:6      | Learned a level 4 spell: Throw Icicle
 10512 | D:6      | Reached XP level 9. HP: 37/57 MP: 12/12
 11838 | D:7      | Reached skill level 9 in Ice Magic
 11904 | D:7      | Found a deep blue altar of Sif Muna.
 12228 | D:7      | Found a blossoming altar of Fedhas.
 12288 | D:8      | Offered knowledge of Flame Tongue by Vehumet.
 12330 | D:8      | Found an opulent altar of Gozag.
 12342 | D:8      | Reached ** piety under Vehumet
 12446 | D:8      | Reached skill level 5 in Dodging
 12448 | D:8      | Noticed Dolanko's ghost (novice SpAs)
 12474 | D:8      | Killed Dolanko's ghost
 12474 | D:8      | Reached XP level 10. HP: 49/63 MP: 3/16
 13167 | D:8      | Reached skill level 10 in Ice Magic
 13323 | D:8      | Offered knowledge of Mephitic Cloud by Vehumet.
 13905 | D:9      | Reached *** piety under Vehumet
 13957 | D:9      | Offered knowledge of Airstrike by Vehumet.
 14236 | D:9      | Noticed Joseph
 14245 | D:9      | Killed Joseph
 14390 | D:9      | Found a sparkling altar of Nemelex Xobeh.
 14477 | D:9      | Noticed Psyche
 14484 | D:9      | Killed Psyche
 14810 | D:9      | Found a staircase to the Lair.
 15388 | D:10     | Entered Level 10 of the Dungeon
 15494 | D:10     | Reached **** piety under Vehumet
 15507 | D:10     | Reached skill level 11 in Ice Magic
 15808 | D:10     | Found Emuts's Elemental Accessories.
 15813 | D:10     | Noticed a seven-headed hydra
 16012 | D:10     | Mangled by a seven-headed hydra

Skill      XL: |  1  2  3  4  5  6  7  8  9 10 |
---------------+-------------------------------+-----
Ice Magic      | 4 5 6 8 9 11 | 11.0
Short Blades   | 2 3 5 8 |  8.0
Stealth        | 4 6 8 9 |  9.2
Spellcasting   | 4 |  4.1
Dodging        | 6 9 |  9.1
Conjurations   | |  0.6

Action                   |  1- 3 |  4- 6 |  7- 9 | 10-12 || total
-------------------------+-------+-------+-------+-------++-------
Melee: Whip              |    23 |       |       |       ||    23
       Unarmed           |     3 |       |       |       ||     3
       Bite              |     4 |     9 |    22 |     9 ||    44
       Dagger            |    47 |   107 |    98 |    23 ||   275
       Rapier            |       |       |   231 |   202 ||   433
 Cast: Freeze            |    44 |    75 |    48 |     2 ||   169
       Throw Frost       |       |     3 |       |       ||     3
       Throw Icicle      |       |       |    10 |    14 ||    24
       Ozocubu's Armour  |       |       |     2 |     5 ||     7
 Abil: End Transformatio |       |     1 |       |       ||     1
       Bat Form          |       |     1 |       |       ||     1
  Use: Scroll            |       |     8 |     7 |     7 ||    22
       Potion            |       |    17 |    19 |     8 ||    44
 Stab: Sleeping          |     4 |    14 |    28 |    10 ||    56
       Distracted        |       |     2 |     1 |     1 ||     4
       Invisible         |       |       |     2 |       ||     2
Armor: Robe              |    33 |    29 |    77 |    45 ||   184
Dodge: Dodged            |    90 |    81 |   215 |   210 ||   596
